 Dungeon Crawl Stone Soup version 0.26.1-10-gdfb7c7de75 (webtiles) character file.

Game seed: 6007256547525960553

198 lepy112 the Shield-Bearer (level 6, -3/48 HPs)
             Began as a Formicid Fighter on Apr 2, 2021.
             Slain by an orc priest
             ... wielding a +0 whip
              (6 damage)
             ... on level 3 of the Dungeon.
             The game lasted 00:10:21 (2197 turns).

lepy112 the Shield-Bearer (Formicid Fighter)        Turns: 2197, Time: 00:10:22

Health: -3/48      AC:  7    Str: 23    XL:     6   Next: 6%
Magic:  6/6        EV:  8    Int:  7    God:
Gold:   71         SH: 10    Dex: 10    Spells: 5/5 levels left

rFire    . . .     SeeInvis +   a - +0 war axe
rCold    . . .     Faith    .   c - +0 kite shield
rNeg     . . .     Spirit   .   b - +0 scale mail
rPois    .         Reflect  .   (helmet unavailable)
rElec    .         Harm     .   (no cloak)
rCorr    .         Rampage  .   (no gloves)
Will     .....                  (no boots)
Stlth    ..........             (no amulet)
HPRegen  0.16/turn              (no ring)
MPRegen  0.10/turn              (no ring)

@: no status effects
A: permanent stasis, dig shafts and tunnels, four strong arms, antennae 3
a: Dig, Shaft Self


You were on level 3 of the Dungeon.
You visited 1 branch of the dungeon, and saw 3 of its levels.

You collected 71 gold pieces.

Inventory:

Hand Weapons
 a - a +0 war axe (weapon)
Armour
 b - a +0 scale mail (worn)
 c - a +0 kite shield (worn)
 g - a +2 cloak
Scrolls
 e - 2 scrolls of blinking {unknown}
 f - 3 scrolls of remove curse {unknown}
 i - a scroll of magic mapping {unknown}
 m - a scroll of enchant armour {unknown}
Potions
 d - 2 potions of might
 h - 3 potions of heal wounds {unknown}
 j - a potion of mutation {unknown}
 k - a potion of brilliance {unknown}
 l - a potion of curing {unknown}
 n - a potion of cancellation {unknown}
 o - 2 potions of flight {unknown}
 p - a potion of degeneration {unknown}


   Skills:
 + Level 4.3 Fighting
 + Level 3.5 Axes
 + Level 4.3 Armour
 + Level 4.9 Shields


You had 5 spell levels left.
You didn't know any spells.
Your spell library was empty.

Dungeon Overview and Level Annotations

Branches:
Dungeon (3/15)

Altars:


Innate Abilities, Weirdness & Mutations

You cannot be hasted, slowed, berserked, paralysed or teleported.
You can dig through walls and to a lower floor.
Your four strong arms can wield two-handed weapons with a shield.
You have a pair of large antennae on your head. (SInv)


Message History

You see here an adder corpse.
The orc priest calls down the wrath of Beogh upon you.
Beogh smites you!
* * * LOW HITPOINT WARNING * * *
The orc priest invokes the aid of Beogh against you.
Pain shoots through your body!
* * * LOW HITPOINT WARNING * * *
You barely miss the orc priest. You block the orc priest's attack. x2
You slash the orc priest!
The orc priest is severely wounded.
An orc comes into view. It is wielding a +0 dagger.
You block the orc priest's attack.
The orc shouts!
You hit the orc priest but do no damage.
The orc priest is heavily wounded.
The orc priest miscasts a cantrip.
You closely miss the orc priest.
The orc priest is heavily wounded.
You block the orc priest's attack. The orc priest hits you with a +0 whip.
You die...

#.....# {
#.....#
#...?.#
#.o...###...
#......{....
#†### #.).#
###o# #@#
#.# { #†#
#.# #)# #.#
#.# ### #.#
#<#
#.######.#


You could see an orc priest and an orc.

Vanquished Creatures
  An orc priest (D:3)
  An orc wizard (D:3)
  A hound skeleton (D:2)
  6 adders
  3 oozes
  An adder zombie (D:1)
  2 dart slugs (D:1)
  2 leopard geckos (D:2)
  2 ball pythons
  3 bats
  3 giant cockroaches
  9 goblins
  5 hobgoblins
  4 jackals (D:1)
  6 frilled lizards
  3 kobolds
  A leopard gecko zombie (D:1)
  5 rats
58 creatures vanquished.

Vanquished Creatures (others)
  18 plants (D:2)
18 creatures vanquished.

Grand Total: 76 creatures vanquished

Notes
Turn   | Place    | Note
-------+----------+-------------------------------------------
     0 | D:1      | lepy112 the Formicid Fighter began the quest for the Orb.
     0 | D:1      | Reached XP level 1. HP: 18/18 MP: 1/1
    88 | D:1      | Reached XP level 2. HP: 24/24 MP: 2/2
   241 | D:1      | Reached XP level 3. HP: 27/29 MP: 3/3
   956 | D:2      | Reached XP level 4. HP: 37/37 MP: 4/4
  1236 | D:2      | Reached XP level 5. HP: 42/42 MP: 5/5
  2157 | D:3      | Reached XP level 6. HP: 17/48 MP: 6/6
  2193 | D:3      | HP: 2/48 [orc priest/nerve-wracking pain (8)]
  2197 | D:3      | Slain by an orc priest

Illustrated notes

Levels and vault maps discovered:
D:1:      saegor_arrival_fortress, layout_basic
D:2:      layout_basic, serial_bayou, serial_bayou_pond_d, serial_bayou_pond_c,
          serial_bayou_ford_a, serial_bayou_shore_b, serial_bayou_lagoon_a,
          minmay_tetromino_o2
D:3:      minmay_octagon_keep, layout_basic, grunt_temple_overflow_cloverleaf,
          nicolae_overflow_hidden_temple, uniq_terence, uniq_jessica

Skill      XL: |  1  2  3  4  5 |
---------------+----------------+-----
Shields        | 4 |  4.9
Axes           | 3 |  3.5
Armour         | 4 |  4.3
Fighting       | 4 |  4.3

Action                   |  1- 3 |  4- 6 || total
-------------------------+-------+-------++-------
Melee: War axe           |    95 |    89 ||   184
Armor: Scale mail        |    29 |    31 ||    60
Dodge: Dodged            |    27 |    18 ||    45
Block: Kite shield       |    50 |    40 ||    90
